 Dungeon Crawl Stone Soup version 0.25-a0-1024-gbfbf38f2cb (webtiles) character file.

Game seed: 5928028028105463462, levelgen mode: deterministic

0 Esekla the Skirmisher (level 1, -5/18 HPs)
             Began as a Formicid Abyssal Knight on May 12, 2020.
             Was a Follower of Lugonu.
             Slain by a fire bat (8 damage)
             ... on level 1 of the Abyss.
             The game lasted 00:02:25 (240 turns).

Esekla the Skirmisher (Formicid Abyssal Knight)      Turns: 240, Time: 00:02:25

Health: -5/18      AC:  3    Str: 16    XL:     1   Next: 0%
Magic:  2/2        EV: 11    Int: 11    God:    Lugonu [*.....]
Gold:   4          SH:  0    Dex: 10    Spells: 0/0 levels left

rFire    . . .     SeeInvis +   a - +1 falchion
rCold    . . .     Gourm    .   (no shield)
rNeg     . . .     Faith    .   b - +0 leather armour
rPois    .         Spirit   .   (helmet unavailable)
rElec    .         Reflect  .   (no cloak)
rCorr    .         Harm     .   (no gloves)
MR       .....                  (no boots)
Stlth    +.........             (no amulet)
HPRegen  0.06/turn              (no ring)
MPRegen  0.08/turn              (no ring)

@: no status effects
A: permanent stasis, dig shafts and tunnels, four strong arms, antennae 3
a: Dig, Shaft Self, Depart the Abyss, Renounce Religion


You were on level 1 of the Abyss.
You worshipped Lugonu.
Lugonu was aware of your devotion.
You were not hungry.

You visited 0 branches of the dungeon, and saw 0 of its levels.
You visited the Abyss 1 time.

You collected 4 gold pieces.

Inventory:

Hand Weapons
 a - a +1 falchion (weapon)
Armour
 b - a +0 leather armour (worn)
Potions
 d - a potion of stabbing {unknown}
 e - a potion of might {unknown}
Comestibles
 c - 2 rations


   Skills:
 + Level 3.2 Fighting
 + Level 2.0 Long Blades
 + Level 2.1 Armour
 + Level 0.8 Dodging
 + Level 2.1 Invocations


You couldn't memorise any spells.
You didn't know any spells.
Your spell library was empty.

Dungeon Overview and Level Annotations

Branches:
Dungeon (0/15)

Altars:


Innate Abilities, Weirdness & Mutations

You cannot be hasted, slowed, berserked, paralysed or teleported.
You can dig through walls and to a lower floor.
Your four strong arms can wield two-handed weapons with a shield.
You have a pair of large antennae on your head. (SInv)


Message History

d - a blue potion A large abomination comes into view.
Found a murky white potion.
A fire bat comes into view.
Found a murky white potion.
You see here a murky white potion.
e - a murky white potion The fire bat closely misses you.
You riposte.
You closely miss the fire bat.
A starcursed mass comes into view.
The fire bat barely misses you.
You riposte.
You closely miss the fire bat.
A starcursed mass splits.
The fire bat barely misses you. The fire bat closely misses you.
A chorus of shrieks assaults your mind.
Ouch! That really hurt!
A starcursed mass splits.
The fire bat bites you.
* * * LOW HITPOINT WARNING * * *
You are engulfed in flames!
You die...

.# . #.## #.
#.#... # ..
.#.....##. .## .
#.X.##....#..#.##
#X......#..#....
#..X!#..#...#
..#.....b@.#.##
#.....#.x#.#. . .
#.###.#.#.#..# .≈
##.#.X.....# ≈ ≈
≈≈##...###.#.
≈≈≈≈≈≈ #...#
≈....###X#..# #
#..#...#### ..
#..#X. .# .


You could see 3 starcursed masses, 2 large abominations, a small abomination and
a fire bat.

Vanquished Creatures (others)
  2 starspawn tentacles (Abyss:1)
2 creatures vanquished.

Notes
Turn   | Place    | Note
-------+----------+-------------------------------------------
     0 | Abyss:1  | Esekla the Formicid Abyssal Knight began the quest for the
                  | Orb.
     0 | Abyss:1  | Reached XP level 1. HP: 18/18 MP: 2/2
   113 | Abyss:1  | Found a shattered altar of Ashenzari.
   119 | Abyss:1  | Noticed a smoke demon
   137 | Abyss:1  | Noticed a chaos spawn
   157 | Abyss:1  | Noticed a bone dragon
   188 | Abyss:1  | Noticed a tentacled starspawn
   218 | Abyss:1  | Noticed a small abomination
   226 | Abyss:1  | Noticed a large abomination
   230 | Abyss:1  | Noticed a large abomination
   235 | Abyss:1  | Noticed a fire bat
   237 | Abyss:1  | Noticed a starcursed mass
   240 | Abyss:1  | Slain by a fire bat

Illustrated notes

Levels and vault maps discovered:
Abyss:1

Action                   || total
-------------------------++-------
Dodge: Dodged            ||     7
       Rpst.: Falchion   ||     3

Table legend:
 A = Non-vault XP
 B = Vault XP
 C = Vault XP percentage of total XP
 D = Non-vault monster count
 E = Vault monster count
 F = Vault count percentage of total count
                 A         B        C        D         E       F
            +---------+---------+-------+---------+---------+-------
      Total |       0 |       0 |   N/A |       0 |       0 |  -nan
            +---------+---------+-------+---------+---------+-------
            +---------+---------+-------+---------+---------+-------
